 Dungeon Crawl Stone Soup version 0.30-a0-6-g7c9e10e132 (webtiles) character file.

Game seed: 6019619114507733430

10 NinjaNoafa the Sneak (level 2, -1/18 HPs)
             Began as a Kobold Brigand on Aug 22, 2022.
             Slain by a jackal (3 damage)
             ... on level 1 of the Dungeon.
             The game lasted 00:01:43 (149 turns).

NinjaNoafa the Sneak (Kobold Brigand)                Turns: 149, Time: 00:01:44

Health: -1/18      AC:  3    Str:  8    XL:     2   Next: 30%
Magic:  2/2        EV: 14    Int: 12    God:
Gold:   0          SH:  0    Dex: 16    Spells: 1/1 levels left

rFire   . . .      SeeInvis .    h - +5 dagger
rCold   . . .      Faith    .    (no shield)
rNeg    . . .      Spirit   .    b - +0 robe
rPois   .          Reflect  .    (no helmet)
rElec   .          Harm     .    c - +0 cloak
rCorr   .          Rampage  .    (no gloves)
Will    .....                    (no boots)
Stlth   ++++......               (no amulet)
HPRegen 0.06/turn                (no ring)
MPRegen 0.08/turn                (no ring)

@: no status effects
A: small, no large weapons, nightstalker 3
a: no special abilities


You were on level 1 of the Dungeon.
You visited 1 branch of the dungeon, and saw 1 of its levels.

Inventory:

Hand Weapons
 h - a +5 dagger (weapon)
Missiles
 d - 5 poisoned darts (quivered)
 e - 3 curare-tipped darts
 g - 5 stones
Armour
 b - a +0 robe (worn)
 c - a +0 cloak (worn)
Scrolls
 a - 3 scrolls of summoning {unknown}
Potions
 f - a potion of berserk rage {unknown}
 i - a potion of flight {unknown}


   Skills:
 + Level 2.7 Fighting
 + Level 3.3 Short Blades
 - Level 2.1 Throwing
 - Level 1.2 Dodging
 - Level 5.3 Stealth


You had one spell level left.
You didn't know any spells.
Your spell library contained the following spells:

 Spells                   Type           Power      Damage    Failure   Level
 Ensorcelled Hibernation  Hex/Ice        0%         N/A       45%         2
 Passwall                 Tmut/Erth      0%         N/A       45%         2
 Swiftness                Air            0%         N/A       69%         3


Dungeon Overview and Level Annotations

Branches:
Dungeon (1/15)

Altars:


Innate Abilities, Weirdness & Mutations

You are small and have problems with some larger weapons.
You are completely attuned to the shadows.


Message History

The jackal bites you but does no damage.
The jackal completely misses you. The jackal barely misses you.
The jackal misses you. The jackal closely misses you.
The jackal attacks as you move away! The jackal bites you.
* * * LOW HITPOINT WARNING * * *
The jackal attacks as you move away! The jackal closely misses you.
You kill the jackal!
The jackal attacks as you move away! The jackal completely misses you.
Throw: 8 darts (poison)
Press: ? - help, Q - select action, (/) - cycle Shift-Dir - straight line, f - jackal
Aim: a jackal (severely wounded, 55% to hit)
You throw a poisoned dart.
The poisoned dart barely misses the jackal.
The poisoned dart closely misses the jackal.
The poisoned dart barely misses the hobgoblin.
The jackal barely misses you.
Throw: 7 darts (poison)
Press: ? - help, Q - select action, (/) - cycle Shift-Dir - straight line, f/p - jackal
Aim: a jackal (heavily wounded, 55% to hit)
You throw a poisoned dart. The poisoned dart hits the jackal.
The jackal is heavily wounded.
The jackal closely misses you.
The jackal bites you but does no damage.
Okay, then.
Throw: 6 darts (poison)
Press: ? - help, Q - select action, (/) - cycle Shift-Dir - straight line, f/p - jackal
Aim: a jackal (heavily wounded, 55% to hit)
You throw a poisoned dart.
The poisoned dart barely misses the jackal.
The poisoned dart closely misses the jackal.
The poisoned dart hits the hobgoblin.
The hobgoblin is poisoned.
The jackal bites you but does no damage.
The jackal bites you.
* * * LOW HITPOINT WARNING * * *
You feel a bit more experienced. The jackal closely misses you.
The jackal attacks as you move away! The jackal closely misses you.
The jackal bites you.
You die...

....##.########...#†.....#
........... ......)......#
.#..#....#######..†......#
........................##
##..#.##.#######..##..#†## ##
##..#.##.# #..##...#.##...
.....)##.# #..##..###.....
##..####.## #..##...#.####.
#..###...######@.##..#..## .
#....(.#.....##h.##......######.
...####...###.##h.##..........##.
### ##.####.##..##.).........#.
#((.g......#..............
######.##.##...#.######...
#.........###.#.8#..#
####........#..#'#.##
##.###.###<.#'....


You could see 2 jackals.

Vanquished Creatures
  4 hobgoblins (D:1)
  A jackal (D:1)
  A kobold (D:1)
  2 ball pythons (D:1)
  A rat (D:1)
9 creatures vanquished.

Notes
Turn   | Place    | Note
-------+----------+-------------------------------------------
     0 | D:1      | NinjaNoafa the Kobold Brigand began the quest for the Orb.
     0 | D:1      | Reached XP level 1. HP: 12/12 MP: 1/1
    99 | D:1      | Reached XP level 2. HP: 17/18 MP: 2/2
   149 | D:1      | Slain by a jackal

Illustrated notes

Levels and vault maps discovered:
D:1:      saegor_arrival_simple_c, layout_loops_ring

Skill      XL: |  1 |
---------------+----+-----
Short Blades   | 3 |  3.3
Fighting       | |  2.7
Throwing       | |  2.1
Dodging        | |  1.2
Stealth        | |  5.3

Action                   || total
-------------------------++-------
Melee: Dagger            ||    16
Throw: Dart              ||     4
 Stab: Sleeping          ||     2
Armor: Robe              ||     9
Dodge: Dodged            ||    29

Table legend: (Time is in decaauts)
 A = Elapsed time spent in this place.
 B = Non-inter-level travel time spent in this place.
 C = Inter-level travel time spent in this place.
 D = Time resting spent in this place.
 E = Time spent auto-exploring this place.
 F = Levels seen in this place.
 G = Mean time per level.
                   A        B        C        D        E       F      G
               +--------+--------+--------+--------+--------+-----+--------+
         Total |    145 |    130 |     15 |      0 |     48 |   1 |  145.0 |
       Dungeon |    145 |    130 |     15 |      0 |     48 |   1 |  145.0 |
               +--------+--------+--------+--------+--------+-----+--------+

Top non-repeatable levels by time:
     D:1: 145 daAuts
